3A
DELAWARE 1787 BC @ LOUISIANA DRAGOONS
09/05/2028
 
TOP OF THE 1ST
Delaware 1787 BC batting - Pitching for Louisiana Dragoons : RHP Hamad Al Fardan
Pitching: RHP Hamad Al Fardan
Batting: RHB Tobias Jimenez 0-0: Ball
1-0: Called Strike
1-1: Foul Ball, location: 2F
1-2: SINGLE (Line Drive, 34)
Batting: RHB John Willoughby 0-0: Swinging Strike
0-1: Foul Ball, location: 2F
0-2: SINGLE (Line Drive, 56D)
Tobias Jimenez to second
Batting: SHB Curt Pack 0-0: Ball
1-0: Grounds into double play, 1-6-3 (Groundball, P)
Tobias Jimenez to third
Batting: LHB Kelvin Abbott 0-0: Ball
1-0: Swinging Strike
1-1: Ball
2-1: Foul Ball, location: 2F
2-2: Fly out, F8 (Flyball, 8RM)
Top of the 1st over - 0 run(s), 2 hit(s), 0 error(s), 1 left on base; Delaware 0 - Louisiana 0
BOTTOM OF THE 1ST
Louisiana Dragoons batting - Pitching for Delaware 1787 BC : RHP Goodluck Obasanjo
Pitching: RHP Goodluck Obasanjo
Batting: SHB Ed Blackett 0-0: Ball
1-0: Fly out, F1 (Line Drive, 15)
Batting: RHB Samuel Perrier 0-0: Swinging Strike
0-1: Swinging Strike
0-2: Ball
1-2: Ball
2-2: Ball
3-2: Foul Ball, location: 2F
3-2: Strikes out swinging
Batting: RHB Min-gook Ch'oe 0-0: Ball
1-0: Ball
2-0: Called Strike
2-1: SINGLE (Groundball, 56D)
Batting: RHB Greg Kennamer 0-0: Swinging Strike
0-1: Ball
1-1: Called Strike
1-2: Ball
2-2: Ball
3-2: Ground out 1-3 (Groundball, 15S)
Bottom of the 1st over - 0 run(s), 1 hit(s), 0 error(s), 1 left on base; Delaware 0 - Louisiana 0
TOP OF THE 2ND
Delaware 1787 BC batting - Pitching for Louisiana Dragoons : RHP Hamad Al Fardan
Batting: RHB Mikko Haataja 0-0: Called Strike
0-1: Ball
1-1: Fly out, F8 (Flyball, 8RS)
Batting: LHB Bryce Abood 0-0: Foul Ball, location: 2F
0-1: Foul Ball, location: 2F
0-2: Foul Ball, location: 2F
0-2: Ball
1-2: Strikes out swinging
Batting: RHB Félix Ellard 0-0: Ball
1-0: Swinging Strike
1-1: Swinging Strike
1-2: Strikes out swinging
Top of the 2nd over - 0 run(s), 0 hit(s), 0 error(s), 0 left on base; Delaware 0 - Louisiana 0
BOTTOM OF THE 2ND
Louisiana Dragoons batting - Pitching for Delaware 1787 BC : RHP Goodluck Obasanjo
Batting: SHB Kilipaki Malamapono 0-0: Called Strike
0-1: Called Strike
0-2: Ball
1-2: Ground out 5-3 (Groundball, 56S)
Batting: RHB Pat Sizemore 0-0: Foul Ball, location: 2F
0-1: Foul Ball, location: 2F
0-2: Strikes out swinging
Batting: LHB António Candelária 0-0: Ball
1-0: Swinging Strike
1-1: Ball
2-1: Fly out, F7 (Flyball, 78M)
Bottom of the 2nd over - 0 run(s), 0 hit(s), 0 error(s), 0 left on base; Delaware 0 - Louisiana 0
TOP OF THE 3RD
Delaware 1787 BC batting - Pitching for Louisiana Dragoons : RHP Hamad Al Fardan
Batting: RHB Toyozo Yamasaki 0-0: Ball
1-0: Called Strike
1-1: Ball
2-1: Foul Ball, location: 2F
2-2: Ball
3-2: Base on Balls
Batting: RHB Elwiin Hund 0-0: Ball
1-0: Ball
2-0: Foul Ball, location: 2F
2-1: Called Strike
2-2: Foul Ball, location: 2F
2-2: Strikes out swinging
Batting: RHB Tobias Jimenez 0-0: Ball
1-0: Ball
2-0: Called Strike
2-1: Foul Ball, location: 2F
2-2: Foul Ball, location: 2F
2-2: Ball
3-2: Foul Ball, location: 2F
3-2: Fielders Choice at 2nd, 1-4 (Groundball, 15S)
Batting: RHB John Willoughby 0-0: Called Strike
0-1: DOUBLE (Flyball, 78D)
Tobias Jimenez to third
Runner from 3rd tries for Home, SAFE, no throw
Batting: SHB Curt Pack 0-0: Ball
1-0: Foul Ball, location: 2F
1-1: Ball
2-1: Ball
3-1: Foul Ball, location: 2F
3-2: Base on Balls
Batting: LHB Kelvin Abbott 0-0: Ball
1-0: Ball
2-0: Fly out, F8 (Flyball, 8RM)
Top of the 3rd over - 1 run(s), 1 hit(s), 0 error(s), 2 left on base; Delaware 1 - Louisiana 0
BOTTOM OF THE 3RD
Louisiana Dragoons batting - Pitching for Delaware 1787 BC : RHP Goodluck Obasanjo
Batting: LHB Everett Wichmann 0-0: Ball
1-0: SINGLE (Groundball, 6M) (infield hit)
Batting: RHB Miguel Betancourt 0-0: Ball
1-0: Called Strike
Everett Wichmann is caught stealing 2nd base
1-1: Ball
2-1: Ball
3-1: Swinging Strike
3-2: Foul Ball, location: 2F
3-2: Base on Balls
Batting: SHB Ed Blackett 0-0: Called Strike
0-1: Ball
1-1: Called Strike
1-2: Foul Ball, location: 2F
1-2: Ball
2-2: Strikes out looking
Batting: RHB Samuel Perrier 0-0: Ball
Miguel Betancourt is caught stealing 2nd base
Bottom of the 3rd over - 0 run(s), 1 hit(s), 0 error(s), 0 left on base; Delaware 1 - Louisiana 0
TOP OF THE 4TH
Delaware 1787 BC batting - Pitching for Louisiana Dragoons : RHP Hamad Al Fardan
Batting: RHB Mikko Haataja 0-0: Foul Ball, location: 2F
0-1: Foul Ball, location: 2F
0-2: Ground out 5-3 (Groundball, 56)
Batting: LHB Bryce Abood 0-0: Called Strike
0-1: Foul Ball, location: 2F
0-2: Foul Ball, location: 2F
0-2: Ball
1-2: Strikes out swinging
Batting: RHB Félix Ellard 0-0: Ball
1-0: Called Strike
1-1: Ball
2-1: Ground out 5-3 (Groundball, 56S)
Top of the 4th over - 0 run(s), 0 hit(s), 0 error(s), 0 left on base; Delaware 1 - Louisiana 0
BOTTOM OF THE 4TH
Louisiana Dragoons batting - Pitching for Delaware 1787 BC : RHP Goodluck Obasanjo
Batting: RHB Samuel Perrier 0-0: Swinging Strike
0-1: Swinging Strike
0-2: Fly out, F6 (Popup, 6D)
Batting: RHB Min-gook Ch'oe 0-0: Called Strike
0-1: Ball
1-1: Foul Ball, location: 2F
1-2: Foul Ball, location: 2F
1-2: Strikes out swinging
Batting: RHB Greg Kennamer 0-0: Swinging Strike
0-1: Ball
1-1: Foul Ball, location: 2F
1-2: Ground out 1-3 (Groundball, 13)
Bottom of the 4th over - 0 run(s), 0 hit(s), 0 error(s), 0 left on base; Delaware 1 - Louisiana 0
TOP OF THE 5TH
Delaware 1787 BC batting - Pitching for Louisiana Dragoons : RHP Hamad Al Fardan
Batting: RHB Toyozo Yamasaki 0-0: Ball
1-0: Ball
2-0: Fly out, F6 (Line Drive, 56)
Batting: RHB Elwiin Hund 0-0: SINGLE (Groundball, 34D)
Batting: RHB Tobias Jimenez 0-0: Ball
1-0: Swinging Strike
1-1: Grounds into double play, 4-6-3 (Groundball, 4M)
Top of the 5th over - 0 run(s), 1 hit(s), 0 error(s), 0 left on base; Delaware 1 - Louisiana 0
BOTTOM OF THE 5TH
Louisiana Dragoons batting - Pitching for Delaware 1787 BC : RHP Goodluck Obasanjo
Batting: SHB Kilipaki Malamapono 0-0: Foul Ball, location: 2F
0-1: SINGLE (Groundball, 34D)
Batting: RHB Pat Sizemore 0-0: Ball
Kilipaki Malamapono steals 2nd base
1-0: Called Strike
1-1: Called Strike
1-2: Ball
2-2: Ball
3-2: Fly out, F4 (Popup, 4D)
Batting: LHB António Candelária 0-0: Ball
1-0: Swinging Strike
1-1: Ball
2-1: Foul Ball, location: 2F
2-2: Ball
3-2: Strikes out looking
Batting: LHB Everett Wichmann 0-0: Ball
1-0: Ball
2-0: Ball
3-0: Called Strike
3-1: Foul Ball, location: 2F
3-2: Base on Balls
Batting: RHB Miguel Betancourt 0-0: Called Strike
0-1: Ball
1-1: Fly out, F7 (Flyball, 7S)
Bottom of the 5th over - 0 run(s), 1 hit(s), 0 error(s), 2 left on base; Delaware 1 - Louisiana 0
TOP OF THE 6TH
Delaware 1787 BC batting - Pitching for Louisiana Dragoons : RHP Hamad Al Fardan
Batting: RHB John Willoughby 0-0: Ball
1-0: Ball
2-0: Swinging Strike
2-1: Swinging Strike
2-2: Foul Ball, location: 2F
2-2: Foul Ball, location: 2F
2-2: Ball
3-2: Foul Ball, location: 2F
3-2: Strikes out looking
Batting: SHB Curt Pack 0-0: SINGLE (Line Drive, 78S)
Batting: LHB Kelvin Abbott 0-0: Ball
1-0: Ball
2-0: Ball
3-0: Called Strike
3-1: DOUBLE (Line Drive, 9LM)
Curt Pack to third
Batting: RHB Mikko Haataja 0-0: Intentional Walk
Pitching: RHP Jason Pearson
Batting: LHB Bryce Abood 0-0: Ball
1-0: SINGLE (Groundball, 3D)
Curt Pack scores
Kelvin Abbott to third
Mikko Haataja to second
Runner from 3rd tries for Home, throw and OUT!
Batting: RHB Félix Ellard 0-0: SINGLE (Groundball, 6MD)
Mikko Haataja to third
Bryce Abood to second
Runner from 3rd tries for Home, SAFE, no throw
Batting: RHB Toyozo Yamasaki 0-0: Called Strike
0-1: Swinging Strike
0-2: Ball
1-2: Foul Ball, location: 2F
1-2: Foul Ball, location: 2F
1-2: Ball
2-2: Strikes out swinging
Top of the 6th over - 2 run(s), 4 hit(s), 0 error(s), 2 left on base; Delaware 3 - Louisiana 0
BOTTOM OF THE 6TH
Louisiana Dragoons batting - Pitching for Delaware 1787 BC : RHP Goodluck Obasanjo
Batting: SHB Ed Blackett 0-0: Foul Ball, location: 2F
0-1: Called Strike
0-2: Foul Ball, location: 2F
0-2: Ball
1-2: Foul Ball, location: 2F
1-2: Strikes out swinging
Batting: RHB Samuel Perrier 0-0: DOUBLE (Line Drive, 8LD)
Batting: RHB Min-gook Ch'oe 0-0: Called Strike
0-1: Foul Ball, location: 2F
0-2: Ground out 5-3 (Groundball, 5L)
Batting: RHB Greg Kennamer 0-0: Swinging Strike
0-1: Called Strike
0-2: Strikes out looking
Bottom of the 6th over - 0 run(s), 1 hit(s), 0 error(s), 1 left on base; Delaware 3 - Louisiana 0
TOP OF THE 7TH
Delaware 1787 BC batting - Pitching for Louisiana Dragoons : RHP Jason Pearson
Batting: RHB Elwiin Hund 0-0: Ball
1-0: Foul Ball, location: 2F
1-1: Ball
2-1: Foul Ball, location: 2F
2-2: Foul Ball, location: 2F
2-2: Ball
3-2: Foul Ball, location: 2F
3-2: Strikes out swinging
Batting: RHB Tobias Jimenez 0-0: Called Strike
0-1: Ball
1-1: Called Strike
1-2: Strikes out swinging
Batting: RHB John Willoughby 0-0: Called Strike
0-1: Fly out, F9 (Flyball, 9LMF)
Top of the 7th over - 0 run(s), 0 hit(s), 0 error(s), 0 left on base; Delaware 3 - Louisiana 0
BOTTOM OF THE 7TH
Louisiana Dragoons batting - Pitching for Delaware 1787 BC : RHP Goodluck Obasanjo
Batting: SHB Kilipaki Malamapono 0-0: Foul Ball, location: 2F
0-1: Foul Ball, location: 2F
0-2: Ball
1-2: Ball
2-2: Foul Ball, location: 2F
2-2: Ball
3-2: Strikes out swinging
Batting: RHB Pat Sizemore 0-0: Ball
1-0: Called Strike
1-1: Called Strike
1-2: Foul Ball, location: 2F
1-2: Strikes out swinging
Batting: LHB António Candelária 0-0: Called Strike
0-1: Swinging Strike
0-2: Ball
1-2: Strikes out swinging
Bottom of the 7th over - 0 run(s), 0 hit(s), 0 error(s), 0 left on base; Delaware 3 - Louisiana 0
TOP OF THE 8TH
Delaware 1787 BC batting - Pitching for Louisiana Dragoons : RHP Jason Pearson
Batting: SHB Curt Pack 0-0: Fly out, F6 (Line Drive, 6M)
Batting: LHB Kelvin Abbott 0-0: Ball
1-0: Ball
2-0: Foul Ball, location: 2F
2-1: Ball
3-1: Foul Ball, location: 2F
3-2: Foul Ball, location: 2F
3-2: Foul Ball, location: 2F
3-2: Base on Balls
Batting: RHB Mikko Haataja 0-0: Fly out, F8 (Flyball, 8RM)
Batting: LHB Bryce Abood 0-0: Ball
1-0: Ball
2-0: Called Strike
2-1: Foul Ball, location: 2F
2-2: Ball
3-2: Base on Balls
Kelvin Abbott to second
Batting: RHB Félix Ellard 0-0: Ball
1-0: Ball
2-0: Called Strike
2-1: Ball
3-1: Foul Ball, location: 2F
3-2: Strikes out looking
Top of the 8th over - 0 run(s), 0 hit(s), 0 error(s), 2 left on base; Delaware 3 - Louisiana 0
BOTTOM OF THE 8TH
Louisiana Dragoons batting - Pitching for Delaware 1787 BC : RHP Goodluck Obasanjo
Pitching: RHP Ramón Ocegueda
Batting: LHB Everett Wichmann 0-0: Called Strike
0-1: Foul Ball, location: 2F
0-2: Foul Ball, location: 2F
0-2: Fly out, F9 (Flyball, 89M)
Batting: RHB Miguel Betancourt 0-0: Foul Ball, location: 2F
0-1: Ball
1-1: Ball
2-1: Foul Ball, location: 2F
2-2: Ball
3-2: Foul Ball, location: 2F
3-2: Foul Ball, location: 2F
3-2: Foul Ball, location: 2F
3-2: Foul Ball, location: 2F
3-2: Strikes out swinging
Batting: SHB Ed Blackett 0-0: Fly out, F8 (Flyball, 8RD)
Bottom of the 8th over - 0 run(s), 0 hit(s), 0 error(s), 0 left on base; Delaware 3 - Louisiana 0
TOP OF THE 9TH
Delaware 1787 BC batting - Pitching for Louisiana Dragoons : RHP Jason Pearson
Batting: RHB Toyozo Yamasaki 0-0: Ball
1-0: Ball
2-0: Foul Ball, location: 2F
2-1: Called Strike
2-2: Strikes out swinging
Batting: RHB Elwiin Hund 0-0: Called Strike
0-1: Ball
1-1: Swinging Strike
1-2: Ball
2-2: Ball
3-2: Fly out, F1 (Line Drive, 13)
Pitching: RHP Dave Hemphill
Batting: RHB Tobias Jimenez 0-0: Swinging Strike
0-1: Foul Ball, location: 2F
0-2: Strikes out swinging
Top of the 9th over - 0 run(s), 0 hit(s), 0 error(s), 0 left on base; Delaware 3 - Louisiana 0
BOTTOM OF THE 9TH
Louisiana Dragoons batting - Pitching for Delaware 1787 BC : RHP Ramón Ocegueda
Pitching: RHP Charles Wells
Batting: RHB Samuel Perrier 0-0: Called Strike
0-1: DOUBLE (Groundball, 5L)
Batting: RHB Min-gook Ch'oe 0-0: Foul Ball, location: 2F
0-1: SINGLE (Flyball, 89S)
Samuel Perrier to third
Runner from 3rd tries for Home, SAFE, no throw
Pinch Hitting: LHB Carlos Piña Balk!
Min-gook Ch'oe to second
0-0: Ball
1-0: Ball
2-0: Called Strike
2-1: Ball
3-1: Base on Balls
Pinch Hitting: RHB Domingo Colón 0-0: Ball
1-0: Ball
2-0: Called Strike
2-1: Called Strike
2-2: Foul Ball, location: 2F
2-2: Ball
3-2: Fly out, F5 (Popup, 5L)
Pinch Hitting: SHB Ángel Costa 0-0: Ball
1-0: SINGLE (Groundball, 4MD)
Min-gook Ch'oe to third
Carlos Piña to second
Runner from 3rd tries for Home, SAFE, no throw
Pinch Hitting: RHB Felipe Palazzola 0-0: Ball
1-0: Ball
2-0: Foul Ball, location: 2F
2-1: Ground out 5-3 (Groundball, 56S)
Carlos Piña to third
Ángel Costa to second
Batting: LHB Everett Wichmann 0-0: Called Strike
0-1: Ball
1-1: Foul Ball, location: 2F
1-2: Strikes out swinging
Bottom of the 9th over - 2 run(s), 3 hit(s), 0 error(s), 2 left on base; Delaware 3 - Louisiana 2
Thursday, August 31st, 2017 - OOTP Baseball 17.12 Build 75